 Dungeon Crawl Stone Soup version 0.31.0-11-ge490571c62 (webtiles) character file.

Game seed: 14965817884736642190

8428 qw the Skirmisher (level 11, -5/54 HPs)
             Began as a Spriggan Hunter on Feb 4, 2024.
             Was a High Priest of Okawaru.
             Slain by an efreet
             ... wielding a +3 scimitar of flaming
              (19 damage)
             ... on level 9 of the Dungeon.
             The game lasted 00:03:57 (7413 turns).

qw the Skirmisher (Spriggan Hunter)                 Turns: 7413, Time: 00:03:58

Health: -5/54      AC:  7    Str:  7    XL:     11   Next: 9%
Magic:  16/16      EV: 22    Int: 11    God:    Okawaru [*****.]
Gold:   276        SH:  0    Dex: 23    Spells: 10/10 levels left

rFire   . . .        n - +0 orcbow
rCold   . . .        (shield currently unavailable)
rNeg    . . .        m - +0 swamp dragon scales
rPois   +            (helmet restricted)
rElec   .            (no cloak)
rCorr   .            (gloves unavailable)
SInv    +            (boots unavailable)
Will    +....        b - amulet of regeneration
Stlth   ++           f - +4 ring of slaying {mikee}
HPRegen 1.89/turn    (no ring)
MPRegen 0.15/turn

%: no passive effects
@: very quick
A: very small, no large weapons, unfitting armour, see invisible, speed 3, low
MP 1, regeneration 1
a: Renounce Religion, Heroism, Finesse, Duel


You were on level 9 of the Dungeon.
You worshipped Okawaru.
Okawaru was extremely pleased with you.
You visited 2 branches of the dungeon, and saw 10 of its levels.

You collected 390 gold pieces.
You spent 114 gold pieces at shops.


Innate Abilities, Weirdness & Mutations

You are very small and have problems with some larger weapons.
You are too small for most types of armour.
You have supernaturally acute eyesight. (SInv)
You cover ground extremely quickly. (Speed+++)
Your magical capacity is low. (-10% MP)
Your natural rate of healing is unusually fast.


   Skills:
 + Level 4.4 Fighting
 - Level 12.1 Ranged Weapons
 - Level 2.0 Armour
 - Level 11.1 Dodging
 - Level 1.5 Stealth
 + Level 8.1 Invocations


You had 10 spell levels left.
You didn't know any spells.
Your spell library was empty.

Inventory:

Hand Weapons
 n - a +0 orcbow (weapon)
Armour
 m - +0 swamp dragon scales (worn)
Jewellery
 b - an amulet of regeneration (around neck)
 f - a +4 ring of slaying (left hand) {mikee}
Wands
 k - a wand of iceblast (15)
Scrolls
 c - a scroll of teleportation
Potions
 d - 4 potions of enlightenment
 e - 3 potions of curing
 g - a potion of mutation
 i - a potion of heal wounds
 j - a potion of magic
 l - a potion of might

Dungeon Overview and Level Annotations

Branches:
Dungeon (9/15)             Temple (1/1) D:4
   Lair: D:8-11         Orc: D:9-12

Altars:
Cheibriados
Dithmenos
Elyvilon
Gozag
Hepliaklqana
Kikubaaqudgha
Makhleb
Nemelex Xobeh
Okawaru
Qazlal
Ru
Sif Muna
Trog
Uskayaw
Vehumet
Wu Jian
Xom
Yredelemnul
Zin
The Shining One
Lugonu

Shops:
D:8 [

Portals:
Abyss: D:4

Annotations:
D:4 2 runed translucent doors
D:6 1 runed translucent door, exclusions: 4 centaurs and electric eel, qw's ghost, novice SpHu
D:9 2 runed translucent doors


Message History

You kill the orc warrior!
Okawaru accepts your kill.
You shoot an arrow.
The arrow barely misses the orc warrior.
The manticore is engulfed in blazing flames.
You shoot an arrow. The arrow hits the orc warrior!
The orc warrior is moderately wounded.
The manticore is engulfed in blazing flames.
The orc warrior completely misses you.
You shoot an arrow.
The arrow hits the orc warrior but does no damage.
The orc warrior is moderately wounded.
The orc warrior hits you with a +0 war axe!
You shoot an arrow. The arrow hits the orc warrior!
The orc warrior is severely wounded.
The orc warrior barely misses you.
You shoot an arrow. The arrow hits the orc warrior!
The orc warrior is almost dead.
The orc warrior hits you with a +0 war axe.
You shoot an arrow.
The arrow closely misses the orc warrior.
The arrow hits the efreet but does no damage.
The orc warrior hits you but does no damage.
You shoot an arrow. The arrow hits the orc warrior!
You kill the orc warrior!
Okawaru accepts your kill.
You shoot an arrow.
The arrow hits the efreet but does no damage.
The efreet closely misses you.
You shoot an arrow.
The arrow hits the efreet but does no damage.
The efreet hits you with a +3 scimitar of flaming!
The efreet burns you!
You shoot an arrow. The arrow hits the efreet!
The efreet is heavily wounded.
The manticore is engulfed in blazing flames.
The efreet hits you with a +3 scimitar of flaming!
The efreet burns you.
The efreet hits you with a +3 scimitar of flaming!!
You die...

Y..... YY ... ..... ##
.#.# ... ..# ##...#
#.##...# #....# .
#..######...#
#..'.@RH...#
#..#.####...# #..#.#
###o . ## #..#.##...
###. #..#.##+## ###..)
#..#.#..s# +##...#.
#..#%#V..# ###...###.
#%%#.##+#####...#.....
##%#.#..###.......####


You could see a manticore and an efreet.

Vanquished Creatures
  A hydra (D:9)
  3 death yaks (D:9)
  Maggie (D:8)
  Jeremiah (D:8)
  Grinder (D:5)
  A hornet (D:9)
  2 wyverns
  7 yaks (D:9)
  A water moccasin (D:6)
  5 orc warriors
  3 black bears
  An ice beast (D:8)
  A sky beast (D:7)
  A boggart (D:9)
  4 centaurs
  A kobold brigand (D:4)
  4 bullfrogs
  2 gnoll sergeants
  2 scorpions
  11 wights
  9 killer bees (D:7)
  2 howler monkeys (D:9)
  2 electric eels (D:6)
  2 orc priests
  5 hounds
  A jelly (D:4)
  3 sleepcaps
  4 iguanas
  3 orc wizards
  13 gnolls
  3 adders
  4 ribbon worms
  A dart slug (D:1)
  13 orcs
  4 ball pythons
  5 bats
  3 endoplasms
  2 giant cockroaches
  9 goblins
  6 hobgoblins
  7 jackals
  A quokka (D:2)
  4 frilled lizards
  9 kobolds
  2 rats
170 creatures vanquished.

Notes
Turn   | Place    | Note
-------+----------+-------------------------------------------
     0 | D:1      | qw the Spriggan Hunter began the quest for the Orb.
     0 | D:1      | Reached XP level 1. HP: 10/10 MP: 2/2
     0 | D:1      | 0 ||| qw: Version: 0.3-a-160-g6735b56
     0 | D:1      | 0 ||| qw: Game counter: 5996
     0 | D:1      | 0 ||| qw: Melee chars always use a shield: true
     0 | D:1      | 0 ||| qw: God list: Okawaru
     0 | D:1      | 0 ||| qw: Allow faded altars: false
     0 | D:1      | 0 ||| qw: Do Orc after clearing Dungeon:15 true
     0 | D:1      | 0 ||| qw: Do second Lair branch before Depths: true
     0 | D:1      | 0 ||| qw: Lair rune preference: random
     0 | D:1      | 0 ||| qw: Goals: Normal
     0 | D:1      | 0 ||| PLANNING D:1-11
    19 | D:1      | Reached skill level 3 in Dodging
   104 | D:1      | Reached XP level 2. HP: 14/14 MP: 3/3
   451 | D:1      | Reached XP level 3. HP: 18/18 MP: 4/4
   972 | D:1      | 972 ||| UPGRADING to +4 ring of slaying {mikee}.
   973 | D:1      | 973 ||| READING scroll labelled KIB KOGREGHI.
   974 | D:1      | 974 ||| READING scroll labelled NOJIER OLEU.
   974 | D:1      | 974 ||| BRANDING +0 shortbow.
   975 | D:1      | 975 ||| READING scroll labelled VYEDITEYMI.
   976 | D:1      | 976 ||| READING scroll labelled VINNUS VISYMIK.
   976 | D:1      | 976 ||| IDENTIFYING red potion
   977 | D:1      | 977 ||| DRINKING 2 glowing inky potions.
   978 | D:1      | 978 ||| DROPPING scroll of butterflies.
   979 | D:1      | 979 ||| DROPPING potion of brilliance.
  1523 | D:2      | Reached skill level 5 in Ranged Weapons
  1785 | D:2      | 1785 ||| READING scroll labelled SIEFAT ELEZYD.
  1886 | D:2      | 1886 ||| READING scroll labelled MIUN EHILL.
  1921 | D:2      | 1921 ||| DRINKING 2 viscous silvery potions.
  2023 | D:3      | 2023 ||| RETREEEEATING.
  2026 | D:3      | Reached XP level 4. HP: 22/22 MP: 5/5
  2061 | D:3      | Reached XP level 5. HP: 26/26 MP: 6/6
  2081 | D:3      | Found a faded altar of an unknown god.
  2582 | D:3      | 2582 ||| READING 3 scrolls of identify.
  2582 | D:3      | 2582 ||| IDENTIFYING sapphire potion
  2583 | D:3      | 2583 ||| READING 2 scrolls of identify.
  2583 | D:3      | 2583 ||| IDENTIFYING smoky amethyst potion
  2584 | D:3      | 2584 ||| READING scroll of identify.
  2584 | D:3      | 2584 ||| IDENTIFYING black potion
  2585 | D:3      | 2585 ||| READING scroll labelled SORYURI YPNU.
  2586 | D:3      | 2586 ||| DROPPING potion of attraction.
  2587 | D:3      | 2587 ||| DROPPING potion of invisibility.
  2628 | D:4      | Found a burning altar of Makhleb.
  2700 | D:4      | Found a glowing silver altar of Zin.
  2701 | D:4      | Noticed a cacodemon
  2701 | D:4      | Noticed an angel
  2722 | D:4      | Reached skill level 6 in Ranged Weapons
  2722 | D:4      | Reached XP level 6. HP: 27/30 MP: 7/7
  2907 | D:4      | Found a one-way gate to the infinite horrors of the Abyss.
  2945 | D:4      | Reached skill level 6 in Dodging
  3006 | D:4      | HP: 7/30 [orc/+0 trident (7)]
  3007 | D:4      | 3007 ||| DRINKING potion of heal wounds.
  3047 | D:4      | Found a staircase to the Ecumenical Temple.
  3048 | D:4      | 3048 ||| PLANNING TEMPLE
  3048 | D:4      | 3048 ||| READING scroll of identify.
  3048 | D:4      | 3048 ||| IDENTIFYING silvery potion
  3049 | D:4      | 3049 ||| READING scroll labelled VUGRYM CYKLOAB.
  3069 | Temple   | Entered the Ecumenical Temple
  3070 | Temple   | 3070 ||| PLANNING OKAWARU WORSHIP
  3080 | Temple   | Became a worshipper of Warmaster Okawaru
  3081 | Temple   | 3081 ||| PLANNING D:1-11
  3170 | D:4      | Found a radiant altar of Vehumet.
  3224 | D:4      | Found a large runed translucent door.
  3224 | D:4      | Found a large runed translucent door.
  3245 | D:4      | Found a corrupted altar of Lugonu.
  3252 | D:4      | Reached skill level 7 in Ranged Weapons
  3252 | D:4      | Reached XP level 7. HP: 35/35 MP: 8/8
  3376 | D:5      | Entered Level 5 of the Dungeon
  3531 | D:5      | Noticed Grinder
  3536 | D:5      | Killed Grinder
  3536 | D:5      | Reached * piety under Okawaru
  3630 | D:5      | Found a bloodstained altar of Trog.
  3635 | D:5      | 3635 ||| RETREEEEATING.
  3638 | D:5      | Reached skill level 1 in Invocations
  3647 | D:5      | 3647 ||| RETREEEEATING.
  3648 | D:5      | 3648 ||| RETREEEEATING.
  3649 | D:5      | 3649 ||| INVOKING Heroism.
  3652 | D:5      | HP: 6/35 [black bear (4)]
  3653 | D:5      | 3653 ||| READING scroll of teleportation.
  3847 | D:5      | 3847 ||| INVOKING Heroism.
  3849 | D:5      | Reached XP level 8. HP: 39/39 MP: 7/11
  4063 | D:5      | 4063 ||| UPGRADING to amulet of regeneration.
  4068 | D:5      | 4068 ||| READING scroll of identify.
  4068 | D:5      | 4068 ||| IDENTIFYING pink potion
  4069 | D:5      | 4069 ||| READING scroll labelled MULLAT ALYDE.
  4069 | D:5      | 4069 ||| ENCHANTING +0 shortbow of flaming.
  4070 | D:5      | 4070 ||| READING scroll labelled YWAKYO PUCVAIR.
  4071 | D:5      | 4071 ||| DRINKING 2 metallic black potions.
  4071 | D:5      | Gained mutation: Your magical capacity is low. (-10% MP)
                  | [potion of mutation]
  4071 | D:5      | Gained mutation: Your natural rate of healing is unusually
                  | fast. [potion of mutation]
  4172 | D:6      | 4172 ||| FLEEEEING.
  4173 | D:6      | 4173 ||| FLEEEEING.
  4174 | D:6      | 4174 ||| FLEEEEING.
  4177 | D:6      | 4177 ||| FLEEEEING.
  4178 | D:6      | 4178 ||| FLEEEEING.
  4180 | D:6      | Reached skill level 3 in Invocations
  4214 | D:6      | Reached skill level 8 in Ranged Weapons
  4269 | D:6      | Reached ** piety under Okawaru
  4275 | D:6      | Reached skill level 3 in Fighting
  4289 | D:6      | Found a runed translucent door.
  4289 | D:6      | Found a shimmering altar of Xom.
  4289 | D:6      | Noticed qw's ghost (novice SpHu)
  4295 | D:6      | Noticed a +1 whip of chaos
  4392 | D:6      | 4392 ||| RETREEEEATING.
  4584 | D:6      | Reached skill level 9 in Ranged Weapons
  4656 | D:6      | 4656 ||| SWAPPING to +0 orcbow.
  4657 | D:6      | 4657 ||| DROPPING +0 shortbow of flaming.
  5203 | D:6      | 5203 ||| READING scroll labelled ELAGUL CAZOYGA.
  5304 | D:6      | 5304 ||| READING scroll labelled OTHE MAMOPT.
  5377 | D:7      | Reached XP level 9. HP: 44/44 MP: 11/11
  5379 | D:7      | Reached skill level 9 in Dodging
  5381 | D:7      | Reached *** piety under Okawaru
  5671 | D:7      | Reached skill level 10 in Ranged Weapons
  5717 | D:7      | Found a shimmering blue altar of Sif Muna.
  5881 | D:7      | Found a shimmering altar of Xom.
  6273 | D:7      | 6273 ||| UPGRADING to +1 robe of positive energy.
  6283 | D:7      | 6283 ||| DROPPING +0 robe.
  6306 | D:8      | Reached **** piety under Okawaru
  6381 | D:8      | Noticed Jeremiah
  6382 | D:8      | Noticed Maggie
  6384 | D:8      | 6384 ||| RETREEEEATING.
  6385 | D:8      | 6385 ||| INVOKING Finesse.
  6408 | D:8      | Killed Jeremiah
  6424 | D:8      | Reached XP level 10. HP: 49/49 MP: 10/13
  6427 | D:8      | 6427 ||| INVOKING Finesse.
  6448 | D:8      | Killed Maggie
  6649 | D:8      | Found Exapod's Antique Armour Shoppe.
  6778 | D:8      | 6778 ||| BUYING runed robe (114 gold).
  6778 | D:8      | Bought a runed robe for 114 gold pieces
  6858 | D:8      | 6858 ||| UPGRADING to +0 swamp dragon scales.
  6868 | D:8      | 6868 ||| DROPPING +1 robe of positive energy.
  6869 | D:8      | 6869 ||| DROPPING +1 robe of cold resistance.
  6870 | D:8      | 6870 ||| READING scroll of identify.
  6870 | D:8      | 6870 ||| IDENTIFYING coppery potion
  6871 | D:8      | 6871 ||| DROPPING potion of ambrosia.
  6927 | D:9      | Found a sacrificial altar of Ru.
  7002 | D:9      | 7002 ||| INVOKING Finesse.
  7014 | D:9      | Reached skill level 1 in Armour
  7196 | D:9      | Reached skill level 6 in Invocations
  7205 | D:9      | Found a runed translucent door.
  7207 | D:9      | Found a runed translucent door.
  7209 | D:9      | 7209 ||| READING scroll labelled XEYSUX XE GOUL.
  7225 | D:9      | 7225 ||| RETREEEEATING.
  7226 | D:9      | Noticed a death yak
  7227 | D:9      | 7227 ||| RETREEEEATING.
  7229 | D:9      | 7229 ||| RETREEEEATING.
  7231 | D:9      | 7231 ||| RETREEEEATING.
  7233 | D:9      | 7233 ||| RETREEEEATING.
  7234 | D:9      | 7234 ||| RETREEEEATING.
  7235 | D:9      | 7235 ||| RETREEEEATING.
  7236 | D:9      | 7236 ||| RETREEEEATING.
  7238 | D:9      | 7238 ||| RETREEEEATING.
  7239 | D:9      | 7239 ||| RETREEEEATING.
  7241 | D:9      | 7241 ||| RETREEEEATING.
  7242 | D:9      | 7242 ||| RETREEEEATING.
  7243 | D:9      | 7243 ||| RETREEEEATING.
  7249 | D:9      | Noticed a death yak
  7250 | D:9      | 7250 ||| INVOKING Finesse.
  7250 | D:9      | Noticed a death yak
  7258 | D:9      | 7258 ||| INVOKING Heroism.
  7263 | D:9      | Killed a death yak
  7264 | D:9      | Reached skill level 11 in Ranged Weapons
  7276 | D:9      | Killed a death yak
  7276 | D:9      | Reached ***** piety under Okawaru
  7290 | D:9      | Killed a death yak
  7291 | D:9      | Reached skill level 12 in Ranged Weapons
  7343 | D:9      | Noticed a manticore
  7344 | D:9      | 7344 ||| INVOKING Finesse.
  7365 | D:9      | Noticed a six-headed hydra
  7371 | D:9      | Killed a six-headed hydra
  7372 | D:9      | Reached XP level 11. HP: 53/53 MP: 13/16
  7397 | D:9      | Identified the amulet "Zacacec" {Acrobat rPois rC+ rN+
                  | Int-2}
  7401 | D:9      | Identified the ring "Ycaes" {Ice ^Contam rCorr Int+4 SInv}
  7402 | D:9      | 7402 ||| RETREEEEATING.
  7413 | D:9      | Slain by an efreet

Levels and vault maps discovered:
D:1:      heliophobic_arrival_ceremonial_halls, layout_basic,
          hangedman_abyss_or_decor_stabs, minmay_circled_x
D:2:      cheibrodos_helix_gallery, layout_loops_corners
D:3:      layout_loops_ring, ebering_ecumenical_altar_sacrificial
D:4:      due_chaos_kobolds, layout_rooms, mainiacjoe_overflow_alcove_1,
          grunt_temple_overflow_order_and_chaos_2, minmay_temple_entry_junction,
          minivault_11
D:5:      layout_loops_ring, trog_ov_bears_minmay, uniq_grinder
D:6:      layout_loops_ring, ebering_ghost_xom, chequers_big_river, centaur_isle
D:7:      layout_loops_corners, mainiacjoe_overflow_paths,
          mainiacjoe_overflow_tiny_flanked
D:8:      layout_rooms, serial_shops, nicolae_inconvenience_store,
          uniq_jeremiah, uniq_maggie
D:9:      minmay_the_grid_triangle_9x9_rhombus_thin_mashed
          [minmay_the_grid_triangle_9x9_wacky_v,
          minmay_the_grid_triangle_9x9_prize_special,
          minmay_the_grid_triangle_9x9_tough_junction,
          minmay_the_grid_triangle_9x9_sprig], layout_basic,
          mainiacjoe_overflow_24_doors, dpeg_lair_monsters, minmay_crystal_water
Temple:   nicolae_temple_figure_eight

Skill      XL: |  1  2  3  4  5  6  7  8  9 10 |
---------------+-------------------------------+-----
Dodging        | 3 4 5 6 8 11 | 11.1
Ranged Weapons | 5 6 7 9 10 12 | 12.1
Fighting       | 2 3 4 |  4.4
Invocations    | 2 4 5 8 |  8.1
Armour         | 2 |  2.0
Stealth        | |  1.5

Action                     |  1- 3 |  4- 6 |  7- 9 | 10-12 || total
---------------------------+-------+-------+-------+-------++-------
   Fire: Shortbow          |   110 |    95 |   111 |       ||   316
         Orcbow            |       |       |   169 |   178 ||   347
 Invoke: Heroism           |       |       |     2 |     1 ||     3
         Finesse           |       |       |     1 |     4 ||     5
    Use: Scroll            |     6 |     6 |     6 |     2 ||    20
         Potion            |     2 |     1 |     1 |       ||     4
 Armour: Robe              |     7 |    10 |    50 |     1 ||    68
         Swamp dragon scal |       |       |       |    23 ||    23
  Dodge: Dodged            |    30 |    21 |   166 |    44 ||   261

Table legend:
 A = Non-vault XP
 B = Vault XP
 C = Vault XP percentage of total XP
 D = Non-vault monster count
 E = Vault monster count
 F = Vault count percentage of total count
                 A         B        C        D         E       F
            +---------+---------+-------+---------+---------+-------
      Total |    5318 |    6723 |  55.8 |     143 |      27 |  15.9
            +---------+---------+-------+---------+---------+-------
        D:1 |      48 |       6 |  11.1 |      21 |       4 |  16.0
        D:2 |      27 |       4 |  12.9 |      12 |       2 |  14.3
        D:3 |     136 |       0 |   0.0 |      15 |       0 |   0.0
        D:4 |     517 |       0 |   0.0 |      24 |       0 |   0.0
        D:5 |     255 |     545 |  68.1 |       5 |       3 |  37.5
        D:6 |     859 |     222 |  20.5 |      16 |       2 |  11.1
        D:7 |    1886 |       0 |   0.0 |      28 |       0 |   0.0
        D:8 |     772 |     815 |  51.4 |      12 |       2 |  14.3
        D:9 |     818 |    5131 |  86.2 |      10 |      14 |  58.3
            +---------+---------+-------+---------+---------+-------
